[Event "ICCopen2017"]
[Site "Internet Chess Club"]
[Date "2017.03.26"]
[Round "11"]
[White "splashlee2010"]
[Black "epithetos"]
[Result "0-1"]
[ICCResult "White resigns"]
[WhiteElo "1232"]
[BlackElo "1381"]
[Opening "Scandinavian (center counter) defense"]
[ECO "B01"]
[NIC "SD.01"]
[Time "21:05:18"]
[TimeControl "180+0"]

1. e4 d5 2. exd5 Qxd5 3. Nc3 Qa5 4. d4 c6 5. Bd2 Qc7 6. Bd3 Nf6 7. h3 Nbd7
8. Nf3 e6 9. O-O Bd6 10. Qe2 b6 11. a3 Bb7 12. Rae1 h6 13. b4 O-O 14. Ne5 c5
15. Nxd7 Qxd7 16. bxc5 bxc5 17. dxc5 Bxc5 18. Ne4 Nxe4 19. Bxe4 Bxe4 20. Bf4
Bg6 21. c4 Qd4 22. Rc1 Qxf4 23. Rb1 Bxb1 24. Rxb1 Rfb8 {White resigns} 0-1

[Event "ICCopen2017"]
[Site "Internet Chess Club"]
[Date "2017.03.26"]
[Round "11"]
[White "pagoda"]
[Black "ChessOptimist"]
[Result "0-1"]
[ICCResult "White resigns"]
[WhiteElo "1810"]
[BlackElo "2052"]
[Opening "Dunst (Sleipner, Heinrichsen) opening"]
[ECO "A00"]
[NIC "VO.15"]
[Time "21:04:20"]
[TimeControl "180+0"]

1. Nc3 d5 2. e4 d4 3. Nce2 c5 4. Nf3 Nc6 5. Ng3 e5 6. Bc4 g6 7. O-O Bg7 8.
a4 h6 9. c3 Nge7 10. h3 O-O 11. cxd4 cxd4 12. d3 Kh7 13. Nh2 Qd6 14. Re1 Be6
15. Bxe6 Qxe6 16. Nhf1 Rac8 17. Nd2 Nb4 18. Nc4 Nxd3 19. Qxd3 Qxc4 20. Qa3
Nc6 21. Bd2 Qe6 22. b4 Rfd8 23. Ne2 Bf8 24. Qb2 Rc7 25. f4 f6 26. Ng3 Rdc8
27. f5 Qf7 28. fxg6+ Qxg6 29. Nf5 Ne7 30. Nxe7 Bxe7 31. Rac1 Rxc1 32. Rxc1
Rg8 33. Be1 Qxe4 34. Qf2 Rg7 35. Rc7 f5 36. b5 f4 37. a5 f3 38. g4 Bg5 39.
Rxg7+ Kxg7 40. Bd2 Be3 {White resigns} 0-1

[Event "ICCopen2017"]
[Site "Internet Chess Club"]
[Date "2017.03.26"]
[Round "11"]
[White "PawnderingMate"]
[Black "HighGround"]
[Result "1-0"]
[ICCResult "Black checkmated"]
[WhiteElo "1295"]
[BlackElo "1317"]
[Opening "Caro-Kann defense"]
[ECO "B15"]
[NIC "CK.05"]
[Time "21:04:24"]
[TimeControl "180+0"]

1. e4 c6 2. d4 d5 3. Nc3 e6 4. Bd3 Bb4 5. Nf3 Nd7 6. O-O h6 7. exd5 cxd5 8.
Bd2 Ngf6 9. a3 Be7 10. Qe2 a6 11. Rfe1 O-O 12. Rad1 b5 13. Ne5 Qc7 14. Bf4
Qb6 15. Nf3 Bb7 16. h3 Rac8 17. Rd2 Nh7 18. Bxh7+ Kxh7 19. Qd3+ Kg8 20. Ne5
Nf6 21. Qg3 Nh5 22. Qg4 Nxf4 23. Qxf4 Qd8 24. g4 Bg5 25. Qf3 Bxd2 26. Re2
Bxc3 27. bxc3 Qg5 28. Qg3 Qc1+ 29. Kg2 Rcd8 30. f4 g6 31. f5 exf5 32. gxf5
g5 33. Qg4 f6 34. Ng6 Rf7 35. Qh5 Kh7 36. Ne7 Rxe7 37. Rxe7+ Kh8 38. Qxh6+
Kg8 39. Qg7# {Black checkmated} 1-0

[Event "ICCopen2017"]
[Site "Internet Chess Club"]
[Date "2017.03.26"]
[Round "11"]
[White "zandoli"]
[Black "playwaycool"]
[Result "1-0"]
[ICCResult "Black checkmated"]
[WhiteElo "2034"]
[BlackElo "2186"]
[Opening "Queen's pawn game"]
[ECO "D02"]
[NIC "QP.09"]
[Time "21:04:49"]
[TimeControl "180+0"]

1. Nf3 d5 2. d4 c6 3. g3 Nf6 4. Bg2 Nbd7 5. O-O g6 6. b3 Bg7 7. Bb2 O-O 8.
Nbd2 Ne4 9. e3 Nxd2 10. Qxd2 c5 11. c4 dxc4 12. bxc4 Nb6 13. Rac1 cxd4 14.
exd4 Be6 15. d5 Bxb2 16. Qxb2 Bf5 17. Rfd1 Be4 18. Qd4 Bxf3 19. Bxf3 Rc8 20.
c5 Nd7 21. d6 exd6 22. cxd6 Rxc1 23. Rxc1 b6 24. Rc7 a5 25. Bc6 Nc5 26. Qe5
Ne6 27. Rd7 Qc8 28. Bb5 Rd8 29. Re7 Qc5 30. Qf6 Rf8 31. Be8 Ng5 32. h4 Nh3+
33. Kg2 Qd5+ 34. Kxh3 Qh1+ 35. Kg4 h5+ 36. Kg5 Qc1+ 37. f4 Qd1 38. Kh6 Qg4
39. Qg7# {Black checkmated} 1-0

[Event "ICCopen2017"]
[Site "Internet Chess Club"]
[Date "2017.03.26"]
[Round "11"]
[White "ChessOlympian"]
[Black "dashingfox"]
[Result "1-0"]
[ICCResult "Black checkmated"]
[WhiteElo "1656"]
[BlackElo "1861"]
[Opening "Four knights: Scotch, 4...exd4"]
[ECO "C47"]
[NIC "KP.06"]
[Time "21:05:32"]
[TimeControl "180+0"]

1. e4 e5 2. Nf3 Nc6 3. Nc3 Nf6 4. d4 exd4 5. Nxd4 Nxd4 6. Qxd4 d6 7. Bc4 Be6
8. O-O Bxc4 9. Qxc4 Be7 10. Bg5 h6 11. Bh4 O-O 12. Rad1 Rc8 13. e5 Ne8 14.
Bg3 Qd7 15. Nd5 Qe6 16. Rfe1 b5 17. Qc6 dxe5 18. Qxe6 fxe6 19. Nxe7+ Kh7 20.
Nxc8 Nd6 21. Nxd6 cxd6 22. Rxd6 Rc8 23. c3 e4 24. Rxe4 b4 25. Rd3 bxc3 26.
Rxc3 Rd8 27. h4 Rd1+ 28. Kh2 Rd2 29. Rb3 Rd7 30. Rxe6 h5 31. Rb5 g6 32. Rbe5
Kh6 33. Bf4+ Kg7 34. Re7+ Rxe7 35. Rxe7+ Kf6 36. Bg5+ Kf5 37. f3 a5 38. Kh3
a4 39. g4+ hxg4+ 40. fxg4# {Black checkmated} 1-0

[Event "ICCopen2017"]
[Site "Internet Chess Club"]
[Date "2017.03.26"]
[Round "11"]
[White "blackending"]
[Black "MAU"]
[Result "0-1"]
[ICCResult "White forfeits on time"]
[WhiteElo "1526"]
[BlackElo "1655"]
[Opening "French: Tarrasch, closed variation"]
[ECO "C05"]
[NIC "FR.17"]
[Time "21:04:37"]
[TimeControl "180+0"]

1. e4 e6 2. d4 d5 3. Nd2 Nf6 4. e5 Nfd7 5. Bd3 c5 6. c3 Nc6 7. Ne2 a6 8. Nf3
h6 9. O-O b5 10. Re1 c4 11. Bc2 a5 12. a3 a4 13. Be3 Ba6 14. Nd2 Na5 15. f4
g6 16. Kh1 Nb3 17. Bxb3 cxb3 18. Rf1 Nb6 19. Ng3 Nc4 20. Nxc4 dxc4 21. Ne4
Bb7 22. Nf6+ Ke7 23. Qe2 Bg7 24. Rad1 Bxf6 25. exf6+ Kxf6 26. f5 gxf5 27.
Bf4 Ke7 28. Qe5 Qd5 29. Qc7+ Qd7 30. Qb6 Rag8 31. Rf2 h5 32. Qc5+ Ke8 33.
Be5 Rh6 34. Qb6 Rhg6 35. Rdd2 h4 36. h3 Qc6 37. Qa7 Rxg2 38. Qb8+ Qc8 39.
Qxc8+ Bxc8 40. Rxg2 Rxg2 41. Rxg2 Bb7 42. Bf6 Kd7 43. Bxh4 b4 44. Kh2 Bxg2
{White forfeits on time}
0-1

[Event "ICCopen2017"]
[Site "Internet Chess Club"]
[Date "2017.03.26"]
[Round "11"]
[White "wmanthony"]
[Black "rugsy"]
[Result "0-1"]
[ICCResult "White forfeits on time"]
[WhiteElo "1319"]
[BlackElo "1426"]
[Opening "Old Benoni defense"]
[ECO "A43"]
[NIC "OI.09"]
[Time "21:04:05"]
[TimeControl "180+0"]

1. d4 c5 2. d5 d6 3. e4 e5 4. f4 exf4 5. Bxf4 Nd7 6. Nf3 f6 7. Bb5 a6 8.
Bxd7+ Qxd7 9. O-O Qg4 10. Bg3 Be7 11. Nc3 Bd7 12. Re1 b5 13. a3 O-O-O 14.
Qd3 h5 15. Bf2 h4 16. h3 Qf4 17. Be3 Qg3 18. Ne2 c4 19. Nxg3 cxd3 20. Nf5
Bxf5 21. exf5 dxc2 22. Rac1 Kd7 23. Rxc2 Nh6 24. Nd4 Rc8 25. Rec1 Rxc2 26.
Rxc2 Rc8 27. Rxc8 Kxc8 28. Bxh6 gxh6 29. Ne6 Kb7 30. Kf2 b4 31. Kf3 bxa3 32.
bxa3 Kb6 33. Kg4 Kb5 34. Nc7+ Kb6 35. Ne6 a5 36. Nd4 Kc5 37. Nc6 Bf8 38.
Nxa5 Kxd5 {White forfeits on time} 0-1

[Event "ICCopen2017"]
[Site "Internet Chess Club"]
[Date "2017.03.26"]
[Round "11"]
[White "bennywins"]
[Black "leonardoalmeida"]
[Result "0-1"]
[ICCResult "White checkmated"]
[WhiteElo "1551"]
[BlackElo "1846"]
[Opening "Scandinavian (center counter) defense"]
[ECO "B01"]
[NIC "VO.17"]
[Time "21:05:06"]
[TimeControl "180+0"]

1. e4 d5 2. exd5 Qxd5 3. d4 c6 4. Nc3 Qa5 5. Nf3 Bg4 6. Be2 e6 7. O-O Nf6 8.
Bd2 Qb6 9. Rb1 Nbd7 10. Be3 Qc7 11. h3 Bh5 12. b4 Be7 13. b5 O-O 14. bxc6
bxc6 15. a4 Rfd8 16. Rb3 Nc5 17. Rb2 Nce4 18. Nxe4 Nxe4 19. Bd3 Nc3 20. Qd2
Bxf3 21. Qxc3 Bh5 22. Bb5 Rac8 23. Ba6 Rb8 24. Bb5 Rdc8 25. Ba6 Rd8 26. Rfb1
Rxb2 27. Rxb2 Bg6 28. Rb7 Qd6 29. g3 Bf6 30. Rxa7 h6 31. Bd3 Bxd3 32. Qxd3
Bxd4 33. Bxd4 Qxd4 34. Qxd4 Rxd4 35. Rc7 Rxa4 36. Rxc6 g5 37. Rc8+ Kg7 38.
c4 Kf6 39. Kg2 Ke7 40. Kf3 Ra3+ 41. Kg4 Rc3 42. Rc7+ Kf6 43. Rc8 Kg6 44.
Rg8+ Kh7 45. Rc8 Kg6 46. Rc7 f5# {White checkmated} 0-1

[Event "ICCopen2017"]
[Site "Internet Chess Club"]
[Date "2017.03.26"]
[Round "11"]
[White "jaybird"]
[Black "OverSoul"]
[Result "1-0"]
[ICCResult "Black forfeits on time"]
[WhiteElo "1535"]
[BlackElo "1339"]
[Opening "Queen's pawn game"]
[ECO "E20"]
[NIC "QO.17"]
[Time "21:04:21"]
[TimeControl "180+0"]

1. d4 e6 2. c4 Nf6 3. Nc3 c6 4. Nf3 Bb4 5. g3 Qa5 6. Bd2 O-O 7. a3 Bxc3 8.
bxc3 d5 9. cxd5 exd5 10. c4 Qd8 11. cxd5 Qxd5 12. Bg2 Qd8 13. O-O Bg4 14. e3
Qc8 15. Re1 Rd8 16. Ba5 Re8 17. Qc2 Bf5 18. Qb3 b6 19. Bb4 Nbd7 20. Rac1 Qa6
21. Rxc6 Be4 22. Rcc1 Bd5 23. Qb2 b5 24. Rc3 Rac8 25. Rec1 Bc4 26. Bf1 Ne4
27. R3c2 Ndf6 28. Bxc4 bxc4 29. Ne5 Ng4 30. Be1 c3 31. Qa1 Nxe5 32. dxe5
Rxe5 33. Bxc3 Rec5 34. Qb2 Nxc3 35. Rxc3 Rxc3 36. Rxc3 Rf8 37. Rb3 Qe6 38.
Rb8 Re8 39. Rxe8+ Qxe8 40. Qb7 a5 41. a4 g6 42. Qb5 Qd8 43. h4
{Black forfeits on time}
1-0

[Event "ICCopen2017"]
[Site "Internet Chess Club"]
[Date "2017.03.26"]
[Round "11"]
[White "DementedMonkey"]
[Black "Dare-Dare"]
[Result "1-0"]
[ICCResult "Black resigns"]
[WhiteElo "2256"]
[BlackElo "1972"]
[Opening "Queen's pawn"]
[ECO "A40"]
[NIC "QO.17"]
[Time "21:04:28"]
[TimeControl "180+0"]

1. d4 e6 2. Nf3 f5 3. Bg5 Nf6 4. Nbd2 d5 5. e3 c6 6. Ne5 Bd6 7. f4 O-O 8.
Bd3 b6 9. O-O Bb7 10. c4 Nbd7 11. cxd5 cxd5 12. Rc1 Qe7 13. Qa4 h6 14. Qxd7
Qxd7 15. Nxd7 Nxd7 16. Bh4 Rac8 17. h3 Rxc1 18. Rxc1 Rc8 19. Rxc8+ Bxc8 20.
g4 g6 21. Kf2 Kf7 22. Ke2 Nb8 23. a3 Ba6 24. b4 Bxd3+ 25. Kxd3 Nd7 26. Kc3
Nf6 27. Bxf6 Kxf6 28. a4 g5 29. fxg5+ hxg5 30. b5 e5 31. dxe5+ Bxe5+ 32. Kd3
Ke6 33. Nf3 Bf6 34. Ne1 fxg4 35. hxg4 Kd6 36. Nc2 Kc5 37. e4 dxe4+ 38. Kxe4
Kc4 39. Kf5 Bd8 40. Ke6 Kb3 41. Nd4+ Kxa4 42. Kf7 Kb4 43. Ke6 Kc5 44. Ke5
Bf6+ 45. Kxf6 Kxd4 46. Kxg5 Kc5 47. Kf6 Kxb5 48. g5 a5 49. g6 a4 50. g7 a3
51. g8=Q Ka4 52. Qc4+ Ka5 53. Qb3 b5 54. Qxa3+ Kb6 55. Qb3 Kc5 56. Ke5 b4
57. Ke4 {Black resigns} 1-0

[Event "ICCopen2017"]
[Site "Internet Chess Club"]
[Date "2017.03.26"]
[Round "11"]
[White "carbonero1969"]
[Black "DukeBishop"]
[Result "1-0"]
[ICCResult "Black forfeits on time"]
[WhiteElo "1813"]
[BlackElo "1546"]
[Opening "Sicilian: closed"]
[ECO "B24"]
[NIC "SI.44"]
[Time "21:04:24"]
[TimeControl "180+0"]

1. e4 c5 2. Nc3 Nc6 3. g3 g6 4. Bg2 Bg7 5. Nge2 Nf6 6. d3 O-O 7. Bg5 h6 8.
Be3 Qb6 9. Na4 Qa5+ 10. Nac3 Ng4 11. Bd2 Qb6 12. Rb1 c4 13. O-O cxd3 14.
cxd3 Nce5 15. Nd5 Qd8 16. h3 Nf6 17. Nxf6+ Bxf6 18. Bxh6 Re8 19. f4 Nc6 20.
e5 Bg7 21. Bxg7 Kxg7 22. d4 d6 23. Kh2 dxe5 24. dxe5 Qa5 25. a3 Bf5 26. Rc1
Red8 27. Qb3 Nd4 28. Nxd4 Rxd4 29. Rcd1 Rad8 30. Rxd4 Rxd4 31. Rd1 Qd8 32.
Rxd4 Qxd4 33. Qxb7 Qf2 34. Qf3 Qxb2 35. g4 Be6 36. f5 {Black forfeits on
time} 1-0

[Event "ICCopen2017"]
[Site "Internet Chess Club"]
[Date "2017.03.26"]
[Round "11"]
[White "justlucky"]
[Black "applepear"]
[Result "0-1"]
[ICCResult "White forfeits on time"]
[WhiteElo "1153"]
[BlackElo "1071"]
[Opening "Sicilian: Pelikan, Chelyabinsk variation"]
[ECO "B33"]
[NIC "SI.37"]
[Time "21:04:03"]
[TimeControl "180+0"]

1. e4 c5 2. Nf3 Nc6 3. d4 cxd4 4. Nxd4 Nf6 5. Nc3 e5 6. Ndb5 d6 7. Bg5 a6 8.
Na3 b5 9. Nd5 Be7 10. Nxe7 Qxe7 11. c3 h6 12. Bh4 Bg4 13. f3 Be6 14. Be2 Rc8
15. O-O Na5 16. Qc2 O-O 17. f4 Bc4 18. fxe5 dxe5 19. Bxf6 gxf6 20. Bh5 Bxf1
21. Rxf1 Qc5+ 22. Kh1 Qe7 23. Qd2 Kg7 24. Rf3 Rfd8 25. Qe2 Qd6 26. h3 Nc4
27. Rg3+ Kh7 28. Bxf7 Rf8 29. Bg6+ Kg7 30. Bf5+ Kf7 31. Bxc8 Rxc8 32. Qh5+
Ke7 33. Qxh6 Qd1+ 34. Kh2 Qd8 35. Rg7+ Kd6 36. Nxc4+ bxc4 37. Qe3 Ke6
{White forfeits on time}
0-1

[Event "ICCopen2017"]
[Site "Internet Chess Club"]
[Date "2017.03.26"]
[Round "11"]
[White "garompon"]
[Black "GrandPatzer5"]
[Result "1-0"]
[ICCResult "Black resigns"]
[WhiteElo "2568"]
[BlackElo "1947"]
[Opening "Réti opening"]
[ECO "A04"]
[NIC "QP.11"]
[Time "21:05:21"]
[TimeControl "180+0"]

1. Nf3 e6 2. g3 c5 3. Bg2 Nc6 4. O-O d5 5. c4 d4 6. e3 Nf6 7. exd4 cxd4 8.
d3 Be7 9. Bf4 O-O 10. a3 a5 11. Ne5 Nxe5 12. Bxe5 Bd6 13. Bxd4 Rb8 14. Nc3
b6 15. Bxf6 Qxf6 16. Ne4 Qe7 17. Nxd6 Qxd6 18. d4 Rd8 19. Qe2 Ba6 20. Rfd1
a4 21. h4 Rbc8 22. Rac1 Rc7 23. Qe5 Qxe5 24. dxe5 Rdc8 25. Rd6 g6 26. Rxb6
Bxc4 27. Rb4 Bb3 28. Rxc7 Rxc7 29. Be4 Rc1+ 30. Kg2 Re1 31. Bc6 Rxe5 32.
Bxa4 Bd5+ 33. Kf1 h6 34. Bb5 g5 35. hxg5 hxg5 36. a4 Bf3 37. Bd3 Rd5 38. Be2
g4 39. Rb3 Rd2 40. Bxf3 gxf3 41. Rxf3 Rxb2 42. Ra3 Rb6 43. a5 Ra6 44. Ke2
Kg7 45. Kd3 Kf6 46. Kc4 Ke5 47. Kb5 Ra8 48. a6 Kd6 49. a7 Kc7 50. Ka6 e5 51.
Rc3+ Kd7 52. Kb7 {Black resigns} 1-0

[Event "ICCopen2017"]
[Site "Internet Chess Club"]
[Date "2017.03.26"]
[Round "11"]
[White "Zephyr"]
[Black "zenit"]
[Result "0-1"]
[ICCResult "White forfeits on time"]
[WhiteElo "1608"]
[BlackElo "1900"]
[Opening "English opening"]
[ECO "A20"]
[NIC "EO.24"]
[Time "21:04:25"]
[TimeControl "180+0"]

1. c4 e5 2. g3 Nf6 3. Bg2 d5 4. cxd5 Nxd5 5. Nf3 Nc6 6. O-O Be7 7. d4 exd4
8. Nxd4 Nxd4 9. Qxd4 Nb6 10. Qxg7 Bf6 11. Qh6 Bd7 12. Bxb7 Rb8 13. Bg2 Qe7
14. Nc3 c6 15. Bf4 Rb7 16. e4 Nc4 17. Rab1 Rg8 18. Rfe1 Rxb2 19. Rxb2 Nxb2
20. e5 Bg7 21. Qxh7 Kf8 22. Ne4 Nd3 23. Rb1 Nxe5 24. Rb8+ Be8 25. Bh6 Ng6
26. Bg5 Qe5 27. Rxe8+ Qxe8 28. Nf6 Qe1+ 29. Bf1 Rh8 30. Nd7+ Ke8 31. Qxg7
Kxd7 32. Kg2 Qe4+ 33. f3 Qc2+ {White forfeits on time} 0-1

[Event "ICCopen2017"]
[Site "Internet Chess Club"]
[Date "2017.03.26"]
[Round "11"]
[White "RobbieWilliams"]
[Black "ALexiz"]
[Result "1/2-1/2"]
[ICCResult "Game drawn by repetition"]
[WhiteElo "1796"]
[BlackElo "1720"]
[Opening "Queen's pawn: stonewall attack"]
[ECO "A45"]
[NIC "QP.07"]
[Time "21:04:38"]
[TimeControl "180+0"]

1. d4 Nf6 2. e3 d5 3. Bd3 Bg4 4. f3 Bh5 5. Ne2 Bg6 6. f4 Be4 7. O-O e6 8.
Ng3 Bxd3 9. Qxd3 c6 10. c3 Qb6 11. Nd2 Nbd7 12. Kh1 h5 13. e4 h4 14. Ne2
O-O-O 15. e5 Ng4 16. h3 Nh6 17. b4 Nf5 18. a4 f6 19. Nb3 Be7 20. a5 Qc7 21.
Kh2 Rdg8 22. Nc5 Nxc5 23. bxc5 g5 24. a6 fxe5 25. fxe5 g4 26. axb7+ Qxb7 27.
Bf4 gxh3 28. gxh3 Bg5 29. Rfb1 Qc7 30. Qa6+ Kd8 31. Qxa7 Qxa7 32. Rxa7 Kc8
33. Rbb7 Ng3 34. Rc7+ Kb8 35. Rab7+ Ka8 36. Ra7+ Kb8 37. Rab7+ Ka8 38. Ra7+
Kb8 39. Rab7+ Ka8 40. Ra7+ Kb8 41. Rab7+ Ka8 {Game drawn by repetition}
1/2-1/2

[Event "ICCopen2017"]
[Site "Internet Chess Club"]
[Date "2017.03.26"]
[Round "11"]
[White "SONICS71"]
[Black "blunder23"]
[Result "0-1"]
[ICCResult "White forfeits on time"]
[WhiteElo "1696"]
[BlackElo "1506"]
[Opening "Sicilian: closed"]
[ECO "B23"]
[NIC "SI.44"]
[Time "21:04:15"]
[TimeControl "180+0"]

1. e4 c5 2. Nc3 e6 3. g3 a6 4. Bg2 Nc6 5. d3 Nf6 6. Nge2 d5 7. O-O d4 8. Nb1
e5 9. h3 Be6 10. Nd2 b5 11. f4 exf4 12. Nxf4 Qd7 13. Nxe6 Qxe6 14. Nf3 Rc8
15. Ng5 Qd7 16. g4 Be7 17. a3 h6 18. Nf3 O-O 19. g5 Nh7 20. gxh6 gxh6 21.
Bxh6 Kh8 22. Bxf8 Rxf8 23. e5 Rg8 24. Kh1 Qe6 25. Qe2 Bd6 26. Rae1 Re8 27.
Qd2 Nxe5 28. Nxe5 Bxe5 29. Qf2 Qg6 30. Qf5 Qxf5 31. Rxf5 f6 32. Be4 Ng5 33.
h4 Nxe4 34. Rxe4 Rg8 35. Rh5+ Kg7 36. Rg4+ Kf7 37. Rxg8 Kxg8 38. Kg2 Kg7 39.
Kf3 a5 40. Kg4 c4 41. Kf5 c3 42. bxc3 dxc3 43. Ke6 b4 44. axb4 axb4 45. Rf5
b3 46. cxb3 c2 47. Rf1 Bf4 48. b4 c1=Q 49. Rxc1 Bxc1 50. b5 Be3 51. Kd7 Bb6
52. Kc6 Bd4 53. b6 Bxb6 54. Kxb6 Kf7 55. Kc6 Kg6 56. d4 f5 57. d5 f4 58. d6
f3 59. d7 f2 60. d8=Q f1=Q 61. Qe8+ Kf5 {White forfeits on time} 0-1

[Event "ICCopen2017"]
[Site "Internet Chess Club"]
[Date "2017.03.26"]
[Round "11"]
[White "Baerenstarker"]
[Black "hecan58"]
[Result "0-1"]
[ICCResult "White checkmated"]
[WhiteElo "1810"]
[BlackElo "1669"]
[Opening "Budapest defense"]
[ECO "A52"]
[NIC "QG.01"]
[Time "21:04:06"]
[TimeControl "180+0"]

1. d4 Nf6 2. c4 e5 3. dxe5 Ng4 4. e3 Nxe5 5. Nc3 Nbc6 6. f4 Ng6 7. Qh5 Bb4
8. Bd2 Qe7 9. O-O-O Bxc3 10. Bxc3 Qxe3+ 11. Bd2 Qf2 12. Nh3 Qb6 13. Re1+
Nge7 14. Bd3 d6 15. Ng5 g6 16. Qh6 Be6 17. Nxe6 fxe6 18. Rxe6 O-O-O 19. Rhe1
Qd4 20. Bc2 Nf5 21. Qh3 Qxc4 22. Kb1 Nfd4 23. Bc3 Nxe6 24. Rxe6 Kb8 25. Bxh8
Rxh8 26. a3 Nd4 27. Qxh7 Qxc2+ 28. Ka2 Rc8 29. Re3 Qc4+ 30. Kb1 Qf1+ 31. Ka2
Qxf4 32. Rc3 Qf5 33. h4 Qd5+ 34. Kb1 Qxg2 35. Ka2 Qd5+ 36. Kb1 Qh5 37. Qe7
Qf5+ 38. Ka2 Nb5 39. Rc1 Nd4 40. Rc3 Qe6+ 41. Qxe6 Nxe6 42. Rg3 Nf4 43. Rg4
Rf8 44. Kb1 d5 45. Kc2 c5 46. Kd2 d4 47. b3 b5 48. a4 c4 49. bxc4 bxc4 50.
Rg5 c3+ 51. Kc2 Rc8 52. Rb5+ Ka8 53. Rb4 d3+ 54. Kd1 c2+ 55. Kc1 Ne2+ 56.
Kd2 c1=Q+ 57. Kxd3 Qc3+ 58. Kxe2 Qxb4 59. Kf3 Rc3+ 60. Ke2 Qb2+ 61. Ke1 Rc1#
{White checkmated}
0-1

[Event "ICCopen2017"]
[Site "Internet Chess Club"]
[Date "2017.03.26"]
[Round "11"]
[White "LevAbramovich"]
[Black "egyptiantiger"]
[Result "1-0"]
[ICCResult "Black forfeits on time"]
[WhiteElo "2019"]
[BlackElo "1701"]
[Opening "Sicilian: Labourdonnais-Löwenthal (Kalashnikov) variation"]
[ECO "B32"]
[NIC "SI.32"]
[Time "21:04:13"]
[TimeControl "180+0"]

1. e4 c5 2. Nf3 Nc6 3. d4 cxd4 4. Nxd4 e5 5. Nb5 d6 6. N1c3 a6 7. Na3 b5 8.
Nd5 Nge7 9. Bg5 h6 10. Bh4 Be6 11. c3 Bxd5 12. exd5 Nb8 13. Nxb5 axb5 14.
Bxb5+ Nd7 15. O-O g5 16. Bg3 Ng6 17. c4 h5 18. f3 Bg7 19. a4 O-O 20. b4 h4
21. Bf2 Nf4 22. c5 e4 23. fxe4 Ne5 24. c6 g4 25. Be3 Nh5 26. Be2 h3 27. Bxg4
hxg2 28. Kxg2 Nf6 29. Bf5 Re8 30. b5 Nc4 31. Bg1 Nxe4 32. Qh5 Qg5+ 33. Qxg5
Nxg5 34. b6 Re2+ 35. Kh1 Rb2 36. b7 Nd2 37. bxa8=Q+ Bf8 38. Qxf8+ Kxf8 39.
Ra2 {Black forfeits on time} 1-0

[Event "ICCopen2017"]
[Site "Internet Chess Club"]
[Date "2017.03.26"]
[Round "11"]
[White "Discoverchess"]
[Black "DEHO"]
[Result "1/2-1/2"]
[ICCResult "Game drawn because neither player has mating material"]
[WhiteElo "2659"]
[BlackElo "2074"]
[Opening "Scandinavian: Pytel-Wade variation"]
[ECO "B01"]
[NIC "SD.02"]
[Time "21:04:11"]
[TimeControl "180+0"]

1. e4 d5 2. exd5 Qxd5 3. Nc3 Qd6 4. Nf3 Nf6 5. Be2 Bg4 6. O-O Nc6 7. b3
O-O-O 8. a4 Bxf3 9. Bxf3 Nd4 10. Ba3 Nxf3+ 11. Qxf3 Qd7 12. Nb5 a6 13. Nc3
e6 14. Rfd1 Bxa3 15. Rxa3 Rhe8 16. b4 e5 17. b5 a5 18. b6 cxb6 19. Rb3 e4
20. Qe3 Qd4 21. Rxb6 Qxe3 22. fxe3 Nd5 23. Nxd5 Rxd5 24. c4 Rc5 25. Rb5 Rxb5
26. axb5 b6 27. Kf2 Re5 28. d4 exd3 29. Rxd3 Rc5 30. Rc3 Kd7 31. Ke2 Kd6 32.
Kd3 Ke5 33. Rc2 f5 34. Rf2 g5 35. g4 fxg4 36. Rf7 h5 37. Rb7 h4 38. Rxb6 g3
39. hxg3 hxg3 40. Ke2 Rxc4 41. Kf3 Rb4 42. Kxg3 a4 43. Ra6 Rxb5 44. Rxa4 Rb1
45. Kf3 Rf1+ 46. Kg4 Re1 47. Kf3 Rf1+ 48. Ke2 Rb1 49. Ra5+ Ke4 50. Ra4+ Ke5
51. Kf2 Rb2+ 52. Kf3 Rb3 53. Ra5+ Kf6 54. Rd5 Rb1 55. Ra5 Rb4 56. Ra6+ Kf5
57. Ra5+ Kf6 58. Rc5 Kg6 59. Rd5 Kf6 60. Ra5 Kg6 61. Kg3 Kf6 62. Kf3 Kg6 63.
Ke2 Kf6 64. Ra6+ Kf5 65. Ra1 g4 66. Ra5+ Kf6 67. Kf2 Re4 68. Ra6+ Kf5 69.
Ra8 Kg5 70. Rg8+ Kh4 71. Ke2 Kg3 72. Kd3 Re7 73. e4 Kf3 74. Rf8+ Kg2 75. Ke3
g3 76. Rg8 Kh2 77. Rh8+ Kg1 78. Rg8 g2 79. Kf3 Rf7+ 80. Ke3 Kf1 81. e5 g1=Q+
82. Rxg1+ Kxg1 83. Ke4 Rf1 84. Kd5 Kg2 85. e6 Re1 86. Kd6 Kg3 87. e7 Kf4 88.
Kd7 Kf5 89. e8=Q Rxe8 90. Kxe8
{Game drawn because neither player has mating material}
1/2-1/2

[Event "ICCopen2017"]
[Site "Internet Chess Club"]
[Date "2017.03.26"]
[Round "11"]
[White "xvs"]
[Black "Chaos23"]
[Result "1/2-1/2"]
[ICCResult "Game drawn by repetition"]
[WhiteElo "1723"]
[BlackElo "1820"]
[Opening "Robatsch (modern) defense"]
[ECO "A40"]
[NIC "KF.05"]
[Time "21:05:08"]
[TimeControl "180+0"]

1. d4 g6 2. e4 Bg7 3. c4 c5 4. d5 d6 5. Nf3 e6 6. Nc3 exd5 7. cxd5 Ne7 8.
Bb5+ Bd7 9. O-O O-O 10. Bf4 Bxc3 11. Bxd7 Bxb2 12. Ba4 Bg7 13. Rb1 b6 14.
Qd2 Na6 15. Bb5 Nc7 16. Bd3 Rb8 17. a4 a6 18. Bg5 b5 19. axb5 axb5 20. Rfc1
b4 21. Bf1 Qd7 22. h3 Nb5 23. Bxb5 Rxb5 24. Qe3 Ra8 25. Rd1 Rba5 26. e5 Nf5
27. Qf4 dxe5 28. Nxe5 Qd6 29. Nc6 Qxf4 30. Bxf4 Ra1 31. g4 Rxb1 32. Rxb1 Nd4
33. Nxd4 Bxd4 34. d6 Rd8 35. Re1 Kf8 36. Kg2 b3 37. Rb1 b2 38. Be3 Rxd6 39.
Bxd4 cxd4 40. Rxb2 Kg7 41. f4 d3 42. Rd2 h5 43. Kf3 hxg4+ 44. hxg4 f5 45. g5
Rd4 46. Ke3 Re4+ 47. Kf3 Rd4 48. Ke3 Re4+ 49. Kf3 Rd4 50. Ke3
{Game drawn by repetition}
1/2-1/2

[Event "ICCopen2017"]
[Site "Internet Chess Club"]
[Date "2017.03.26"]
[Round "11"]
[White "GranTorre"]
[Black "nadalthegreat"]
[Result "0-1"]
[ICCResult "White forfeits on time"]
[WhiteElo "1887"]
[BlackElo "2051"]
[Opening "King's Indian: London system"]
[ECO "A48"]
[NIC "QP.03"]
[Time "21:05:14"]
[TimeControl "180+0"]

1. Nf3 Nf6 2. d4 g6 3. Bf4 Bg7 4. e3 d6 5. Be2 O-O 6. h3 Nbd7 7. O-O c5 8.
c3 cxd4 9. exd4 Nb6 10. Nbd2 Bf5 11. Re1 Ne4 12. Bf1 Nxd2 13. Qxd2 Re8 14.
Bb5 Bd7 15. Bf1 Bc6 16. Bh6 Bxf3 17. Bxg7 Kxg7 18. gxf3 e6 19. Bg2 Qh4 20.
f4 Nd5 21. Bxd5 exd5 22. Kg2 Re4 23. Rxe4 dxe4 24. Qe3 f5 25. c4 Re8 26. Rc1
g5 27. fxg5 f4 28. Qc3 e3 29. d5+ Re5 30. Rf1 Kg8 31. Kh2 e2
{White forfeits on time}
0-1

[Event "ICCopen2017"]
[Site "Internet Chess Club"]
[Date "2017.03.26"]
[Round "11"]
[White "arshavin2015"]
[Black "tonychess2014"]
[Result "1-0"]
[ICCResult "Black resigns"]
[WhiteElo "1985"]
[BlackElo "1784"]
[Opening "King's pawn opening"]
[ECO "B07"]
[NIC "VO.17"]
[Time "21:04:43"]
[TimeControl "180+0"]

1. e4 d6 2. Nc3 Nf6 3. g3 g6 4. Bg2 Bg7 5. d3 c5 6. h3 O-O 7. Bg5 Nc6 8. Qd2
Re8 9. Nge2 Nd4 10. Nd1 Nxe2 11. Qxe2 Qa5+ 12. c3 Be6 13. O-O Rac8 14. Qd2
b5 15. Bh6 b4 16. Bxg7 Kxg7 17. f4 bxc3 18. Nxc3 Qb6 19. Kh2 Rb8 20. Rf2 Qb4
21. g4 h5 22. f5 Bd7 23. g5 Ng8 24. Raf1 f6 25. fxg6 Kxg6 26. gxf6 Nxf6 27.
Qf4 Rh8 28. Nd5 Qd4 29. Nxe7+ Kf7 30. Nd5 Rbf8 31. Qxf6+ Qxf6 32. Rxf6+ Ke8
33. Rxf8+ Rxf8 34. Rxf8+ Kxf8 35. Bf3 h4 36. Bg4 Bc6 37. Ne3 Ke7 38. Nf5+
Kf6 39. Nxh4 c4 40. Be2 cxd3 41. Bxd3 Ke5 42. Kg3 Bxe4 43. Bxe4 Kxe4 44. Kf2
d5 45. Nf3 d4 46. Nxd4 Kxd4 47. h4 Ke5 48. Kg3 Kf5 49. b4 Kg6 50. a4 Kf7 51.
b5 {Black resigns} 1-0